 Dungeon Crawl Stone Soup version 0.27.1-33-g824d729ab1 (webtiles) character file.

Game seed: 583498955739469026

6475 demibob the Cleaver (level 10, -4/78 HPs)
             Began as a Demonspawn Chaos Knight on Nov 26, 2021.
             Was a Plaything of Xom.
             Slain by a sun demon (11 damage)
             ... on level 1 of the Abyss.
             The game lasted 00:19:16 (8461 turns).

demibob the Cleaver (Demonspawn Chaos Knight)       Turns: 8461, Time: 00:19:18

Health: -4/78      AC:  6    Str: 11      XL:     10   Next: 68%
Magic:  10/10      EV: 16    Int: 10 (11) God:    Xom [.*....]
Gold:   477        SH:  0    Dex: 16      Spells: 9/9 levels left

rFire    . . .     SeeInvis +   b - +1 hand axe (elec)
rCold    . . .     Faith    .   (no shield)
rNeg     . . .     Spirit   .   f - +2 leather armour
rPois    .         Reflect  .   (no helmet)
rElec    .         Harm     .   (no cloak)
rCorr    .         Rampage  .   g - +2 pair of gloves
Will     .....                  (no boots)
Stlth    +.........             e - amulet of regeneration
HPRegen  0.00/turn              E - +4 ring of evasion
MPRegen  0.12/turn              v - ring of see invisible

@: unable to read, diseased, hasted, studying Conjurations, very quick
A: talons 2, demonic guardian 1, powered by pain 1, sturdy frame 1, deformed
body, deterioration 1, dopey 1, robust 1, screaming 1, weak 1, no potion heal 1,
inability to read while threatened
a: Renounce Religion


You were on level 1 of the Abyss.
You worshipped Xom.
You were a plaything of Xom.
You visited 1 branch of the dungeon, and saw 9 of its levels.
You visited the Abyss 1 time.

You collected 477 gold pieces.


Innate Abilities, Weirdness & Mutations

You have razor-sharp toenails.
A weak demonic guardian rushes to your aid.
You sometimes gain a little power by taking damage.
Your movements are slightly less encumbered by armour. (ER -2)
Armour fits poorly on your strangely shaped body.
Your body sometimes deteriorates upon taking damage.
You are dopey. (Int -2)
You are robust. (+10% HP)
You occasionally shout uncontrollably at your foes.
You are weak. (Str -2)
Potions are less effective at restoring your health.
You sometimes lose the ability to read scrolls when taking damage.


   Skills:
 - Level 4.1 Fighting
 - Level 8.7(9.1) Axes
 - Level 3.9(8.7) Polearms
 + Level 8.3(8.7) Staves
 - Level 6.0 Throwing
 - Level 1.7 Armour
 - Level 2.5 Dodging
 + Level 4.3 Evocations


You had 9 spell levels left.
You didn't know any spells.
Your spell library contained the following spells:

 Spells                   Type           Power      Damage    Failure   Level
 Freeze                   Ice            0%         1d3       36%         1
 Magic Dart               Conj           0%         1d3       36%         1
 Call Imp                 Summ           0%         N/A       52%         2
 Conjure Flame            Conj/Fire      0%         6-21      75%         3
 Frozen Ramparts          Ice            0%         1d2       75%         3
 Ignite Poison            Fire/Tmut/Pois 0%         N/A       75%         3
 Mephitic Cloud           Conj/Pois/Air  0%         N/A       75%         3
 Portal Projectile        Hex/Tloc       0%         N/A       75%         3
 Hailstorm                Conj/Ice       0%         3d3       98%         4
 Ice Form                 Ice/Tmut       0%         N/A       98%         4
 Leda's Liquefaction      Hex/Erth       0%         N/A       98%         4
 Sticky Flame             Conj/Fire      0%         2d3       98%         4
 Blade Hands              Tmut           0%         N/A       100%        5
 Bolt of Magma            Conj/Fire/Erth 0%         4d4       100%        5
 Excruciating Wounds      Necr           0%         N/A       100%        5
 Simulacrum               Ice/Necr       0%         N/A       100%        6
 Statue Form              Tmut/Erth      0%         N/A       100%        6

Inventory:

Hand Weapons
 a - the +3 Elemental Staff {rElec rF++ rC++ Will++ AC+5}
   (You acquired it on level 7 of the Dungeon)

   If the wielder is skilled in Evocations, they can discharge powerful blasts
   of elemental energy when striking with it.
   It enhances your fire, ice, earth and air magic.
   AC:        It affects your AC (+5).
   rF:        It greatly protects you from fire.
   rC:        It greatly protects you from cold.
   rElec:     It insulates you from electricity.
   Will:      It greatly increases your willpower.
 b - a +1 hand axe of electrocution (weapon)
 o - a +0 vorpal spear
Missiles
 d - 19 poisoned darts (quivered)
 j - 2 throwing nets {=f}
Armour
 f - a +2 leather armour (worn)
 g - a +2 pair of gloves (worn)
Magical Staves
 c - a staff of poison {!a}
 x - a staff of earth {!a}
Jewellery
 e - an amulet of regeneration (around neck)
 v - a ring of see invisible (right hand)
 E - a +4 ring of evasion (left hand)
 M - a ring of magical power
Wands
 q - a wand of iceblast (7)
Scrolls
 h - a scroll of fear
 i - 2 scrolls of identify {@r1}
 k - 2 scrolls of magic mapping
 p - a scroll of amnesia
Potions
 l - a potion of ambrosia
 n - a potion of haste {@q3}
 r - a potion of berserk rage {unknown}
 s - a potion of attraction {unknown}
 t - a potion of might {unknown}
 u - 2 potions of degeneration {unknown}
 z - a potion of cancellation {unknown}

Dungeon Overview and Level Annotations

Branches:
Dungeon (9/15)             Temple (0/1) D:7
   Lair: D:8-11         Orc: D:9-12

Altars:
Ashenzari
Elyvilon
Makhleb
Nemelex Xobeh
Uskayaw

Shops:
D:6 **

Annotations:
D:9 Erolcha

#.#..▓. ##. ▒ .. ▒...
.. ▓ .▒ ▒ ▒.▓ #▒..▒▒
▓. .# ▒... ▒.# ..##▓.
▒▒▒.▒. ... #...b#####
X#... . ▒# #..#....
..▒ ... #
░░Xb░##..▒▒....░ .
#.#x@5##...░▒.. ▒▒
▒..#..3..x.......#
▒....x#.##....▒....#
.....▒..#####.....##.#
▓...▒§▒. .#..≈.▒
....▒▒.. .▓.##≈.░ ...
.. ≈ ▒.▓ ▒. # . . .
#.. ... .#


You could see a sun demon, an ancient zyme, a large abomination, a worldbinder,
a small abomination, a vampire bat, a bat (ally target) and a friendly iron imp
(summoned).


Message History

Xom plays with reality for a moment.
You attempt to intoxicate your foes!
A bat comes into view.
The bat moves out of view.
A small abomination comes into view. "Get over here!"
The worldbinder blinks!
The small abomination blinks!
The large abomination blinks!
You feel ill.
The large abomination barely misses you.
You hit the worldbinder but do no damage.
You hit the large abomination. The worldbinder hits you.
The worldbinder closely misses you. "This is how I like it!"
Some monsters swap places.
The bat barely misses you. The bat completely misses you.
A vampire bat comes into view.
The worldbinder hits you.
The worldbinder hits you but does no damage.
The sun demon hits you!
You are engulfed in flames!
A demonic guardian appears!
The large abomination hits you!!
You feel threatened and lose the ability to read scrolls!
* * * LOW HITPOINT WARNING * * *
You cannot read scrolls in your current state!
Okay, then.
The bat closely misses you. The sun demon hits you!
* * * LOW HITPOINT WARNING * * *
Your body deteriorates!
You feel dopey.
You are engulfed in flames!
You die...
Xom laughs nastily!

Skill      XL: |  1  2  3  4  5  6  7  8  9 10 |
---------------+-------------------------------+-----
Polearms       | 3 |  3.9
Throwing       | 1 2 3 4 5 6 |  6.0
Axes           | 1 2 3 4 5 8 |  8.7
Dodging        | 2 |  2.5
Fighting       | 4 |  4.1
Staves         | 5 8 |  8.3
Evocations     | 4 |  4.3
Armour         | |  1.7

Action                   |  1- 3 |  4- 6 |  7- 9 | 10-12 || total
-------------------------+-------+-------+-------+-------++-------
Melee: Spear             |    56 |       |       |       ||    56
       Hand axe          |    12 |   147 |   299 |    61 ||   519
       Kick              |     4 |    36 |    79 |    16 ||   135
       Staff             |       |       |    26 |     4 ||    30
Throw: Dart              |    26 |    52 |    70 |     4 ||   152
       Throwing net      |       |       |     2 |       ||     2
Evoke: Wand              |       |       |     2 |    11 ||    13
  Use: Scroll            |       |     4 |    10 |     2 ||    16
       Potion            |       |     3 |     2 |     1 ||     6
 Stab: Sleeping          |       |     2 |       |       ||     2
       Distracted        |       |       |     1 |       ||     1
Armor: Leather armour    |    21 |    67 |   104 |    11 ||   203
Dodge: Dodged            |    17 |    94 |   217 |    34 ||   362

Levels and vault maps discovered:
D:1:      nzn_arrival_crosshair, layout_loops_corners, serial_bayou_crossing
D:2:      layout_basic, shapermc_ecumenical_altar_ellora, serial_aquarium,
          aquarium_bridge_straight [aquarium_subvault_bridge,
          aquarium_subvault_wall, aquarium_subvault_bridge,
          aquarium_subvault_wall], aquarium_bridge_straight
          [aquarium_subvault_bridge, aquarium_subvault_wall,
          aquarium_subvault_bridge, aquarium_subvault_window],
          aquarium_window_2, aquarium_window_fake, aquarium_view_2d
D:3:      layout_basic, amcnicky_altar_gilded, uniq_jessica
D:4:      layout_gridville, uniq_pikel
D:5:      layout_layer_cave, nicolae_ashenzari_skybound, serial_glass,
          glass_columns_b, glass_columns_a, uniq_duvessa
D:6:      layout_basic, nemelex_xobeh_ov_fountains_minmay,
          nicolae_specific_store, hangedman_decor_peaks_small
D:7:      layout_loops_ring, makhleb_altar_promises_db,
          minmay_temple_entry_offerings, hangedman_decor_push,
          minmay_shattered_shrine
D:8:      layout_loops_ring, mainiacjoe_overflow_brackets, minmay_checkerbox,
          uniq_psyche, uniq_grum
D:9:      layout_basic, kennysheep_potato, uniq_erica, uniq_erolcha, uniq_maggie
Abyss:1:  base: D:9, evilmike_abyss_exit_kraken, hangedman_abyss_batty_box,
          hangedman_abyss_batty_box

Notes
Turn   | Place    | Note
-------+----------+-------------------------------------------
     0 | D:1      | demibob the Demonspawn Chaos Knight began the quest for the
                  | Orb.
     0 | D:1      | Reached XP level 1. HP: 18/18 MP: 1/1
   251 | D:1      | XOM: divination: magic mapping
   303 | D:1      | Reached skill level 3 in Polearms
   430 | D:1      | XOM: noise
   470 | D:1      | Gained mutation: Your movements are slightly less
                  | encumbered by armour. (ER -2) [demonic ancestry]
   470 | D:1      | Reached XP level 2. HP: 18/24 MP: 2/2
   982 | D:1      | XOM: 1-stop teleportation journey
  1121 | D:1      | Gained mutation: You have sharp toenails. [demonic
                  | ancestry]
  1121 | D:1      | Reached XP level 3. HP: 29/29 MP: 3/3
  1611 | D:2      | XOM: give mutations
  1611 | D:2      | Gained mutation: You are dopey. (Int -2) [Xom's mischief]
  1611 | D:2      | Gained mutation: You occasionally shout uncontrollably at
                  | your foes. [Xom's mischief]
  1611 | D:2      | Gained mutation: You are weak. (Str -2) [Xom's mischief]
  1611 | D:2      | Gained mutation: You are very weak. (Str -4) [Xom's
                  | mischief]
  1632 | D:2      | XOM: stat loss: -1 Str (7/8)
  1646 | D:2      | Reached skill level 1 in Throwing
  1652 | D:2      | Reached skill level 1 in Axes
  1652 | D:2      | Reached XP level 4. HP: 34/35 MP: 4/4
  1697 | D:2      | XOM: 3-stop teleportation journey
  1786 | D:2      | Found a faded altar of an unknown god.
  2141 | D:2      | XOM: enchant monster (bad)
  2298 | D:3      | XOM: god gift: scroll labelled ROIFAECOAMNE {god gift}
  2399 | D:3      | XOM: scenery: 1 doors open
  2406 | D:3      | Reached skill level 2 in Throwing
  2458 | D:3      | Noticed Jessica
  2464 | D:3      | Killed Jessica
  2465 | D:3      | Reached skill level 2 in Axes
  2465 | D:3      | Gained mutation: You have razor-sharp toenails. [demonic
                  | ancestry]
  2465 | D:3      | Reached XP level 5. HP: 39/41 MP: 5/5
  2550 | D:3      | Gained mutation: Potions are less effective at restoring
                  | your health. [potion of mutation]
  2948 | D:3      | XOM: silly message
  2984 | D:3      | XOM: silly message
  3097 | D:3      | XOM: 6-stop teleportation journey
  3308 | D:4      | Noticed an ogre
  3317 | D:4      | Killed an ogre
  3318 | D:4      | Reached skill level 3 in Axes
  3318 | D:4      | Reached skill level 3 in Throwing
  3318 | D:4      | Gained mutation: A weak demonic guardian rushes to your
                  | aid. [demonic ancestry]
  3318 | D:4      | Reached XP level 6. HP: 28/47 MP: 6/6
  3413 | D:4      | XOM: divination: magic mapping
  3505 | D:4      | Reached skill level 4 in Throwing
  3526 | D:4      | XOM: confusion
  3527 | D:4      | Identified a potion of resistance
  3531 | D:4      | Reached skill level 4 in Axes
  3531 | D:4      | Reached XP level 7. HP: 50/52 MP: 7/7
  3641 | D:4      | Noticed Pikel
  3646 | D:4      | XOM: cast spell 'Leda's Liquefaction'
  3659 | D:4      | XOM: 3-stop teleportation journey
  3864 | D:4      | Killed Pikel
  3865 | D:4      | Reached skill level 5 in Axes
  3865 | D:4      | Reached skill level 5 in Throwing
  3865 | D:4      | Reached XP level 8. HP: 31/58 MP: 8/8
  3976 | D:4      | XOM: summons 3 hostile shadow creatures
  4290 | D:5      | Entered Level 5 of the Dungeon
  4290 | D:5      | Noticed Duvessa
  4290 | D:5      | Noticed Dowan
  4299 | D:5      | Killed Duvessa
  4302 | D:5      | Killed Dowan
  4332 | D:5      | XOM: enchant monster (bad)
  4349 | D:5      | XOM: smoke on damage
  4359 | D:5      | Reached skill level 6 in Axes
  4359 | D:5      | Reached skill level 6 in Throwing
  4438 | D:5      | XOM: 2-stop teleportation journey
  4441 | D:5      | XOM: silly message
  4559 | D:5      | XOM: 2-stop teleportation journey
  4651 | D:5      | Reached skill level 7 in Axes
  4780 | D:5      | XOM: silly message
  4790 | D:5      | Found a broken altar of Ashenzari.
  4843 | D:5      | Identified the +1 robe of Imnut {rC+ rN+ rCorr}
  5212 | D:5      | XOM: 7-stop teleportation journey
  5755 | D:6      | XOM: silly message
  5821 | D:6      | XOM: silly message
  5955 | D:6      | Found a sparkling altar of Nemelex Xobeh.
  5956 | D:6      | Found Gumonum's General Store.
  5960 | D:6      | Found Hillut's Specific Store.
  5987 | D:6      | XOM: silly message
  6009 | D:6      | Reached skill level 8 in Axes
  6249 | D:6      | XOM: silly message
  6263 | D:6      | XOM: enchant monster (good)
  6265 | D:6      | XOM: potion effect (invisibility)
  6268 | D:6      | Gained mutation: You sometimes gain a little power by
                  | taking damage. [demonic ancestry]
  6268 | D:6      | Reached XP level 9. HP: 32/63 MP: 9/9
  6364 | D:7      | XOM: stealth player
  6459 | D:7      | Found a staircase to the Ecumenical Temple.
  6522 | D:7      | Reached skill level 1 in Dodging
  6529 | D:7      | XOM: summons 5 friendly demons
  6540 | D:7      | XOM: summons friendly crimson imp
  6562 | D:7      | Reached skill level 2 in Dodging
  6668 | D:7      | XOM: scenery: summon butterflies
  6678 | D:7      | XOM: god gift: scroll of noise
  6684 | D:7      | Reached skill level 4 in Fighting
  6686 | D:7      | Identified a scroll of acquirement
  6686 | D:7      | Acquired the +3 Elemental Staff {rElec rF++ rC++ Will++
                  | AC+5}
  6686 | D:7      | Found the +3 Elemental Staff {rElec rF++ rC++ Will++ AC+5}
  6739 | D:7      | XOM: divine lightning
  6784 | D:7      | Reached skill level 2 in Staves
  6860 | D:7      | Reached skill level 3 in Staves
  6960 | D:7      | XOM: 3-stop teleportation journey
  6975 | D:7      | Noticed a troll
  6986 | D:7      | Killed a troll
  6987 | D:7      | Reached skill level 4 in Staves
  7002 | D:7      | XOM: silly message
  7025 | D:7      | Noticed a gargoyle
  7043 | D:7      | HP: 1/65 [gargoyle/stone arrow (12)]
  7044 | D:7      | XOM: chaos upgrade
  7045 | D:7      | XOM: noise
  7104 | D:7      | Found a burning altar of Makhleb.
  7104 | D:7      | Noticed a cacodemon
  7202 | D:7      | XOM: torment (34/65 hp)
  7225 | D:7      | XOM: give mutations
  7225 | D:7      | Gained mutation: You are robust. (+10% HP) [Xom's mischief]
  7225 | D:7      | Lost mutation: You are very weak. (Str -4) [Xom's mischief]
  7471 | D:8      | XOM: 2-stop teleportation journey
  7552 | D:8      | Reached skill level 5 in Staves
  7554 | D:8      | Noticed Grum
  7568 | D:8      | Killed Grum
  7570 | D:8      | Found a hide-covered altar of Uskayaw.
  7583 | D:8      | XOM: chaos upgrade
  7592 | D:8      | Reached XP level 10. HP: 60/78 MP: 10/10
  7597 | D:8      | Reached skill level 6 in Staves
  7755 | D:8      | Noticed Psyche
  7767 | D:8      | Killed Psyche
  7913 | D:8      | Reached skill level 7 in Staves
  8117 | D:9      | XOM: give mutations
  8117 | D:9      | Gained mutation: You sometimes lose the ability to read
                  | scrolls when taking damage. [Xom's mischief]
  8117 | D:9      | Gained mutation: Armour fits poorly on your strangely
                  | shaped body. [Xom's mischief]
  8117 | D:9      | Gained mutation: Your body sometimes deteriorates upon
                  | taking damage. [Xom's mischief]
  8178 | D:9      | Noticed Erica
  8190 | D:9      | Killed Erica
  8191 | D:9      | Reached skill level 1 in Evocations
  8194 | D:9      | Reached skill level 2 in Evocations
  8219 | D:9      | Noticed Erolcha
  8219 | D:9      | XOM: destruction
  8226 | D:9      | You are cast into the Abyss!
  8226 | D:9      | Cast into level 1 of the Abyss (Erolcha)
  8255 | Abyss:1  | Noticed a worldbinder
  8255 | Abyss:1  | Noticed a glowing orange brain
  8263 | Abyss:1  | Noticed a bog body
  8263 | Abyss:1  | Noticed a bog body
  8263 | Abyss:1  | Noticed a bog body
  8269 | Abyss:1  | Noticed a glowing shapeshifter
  8269 | Abyss:1  | a swamp drake changed into a glowing shapeshifter
  8269 | Abyss:1  | XOM: polymorph swamp drake -> glowing shapeshifter
  8269 | Abyss:1  | Noticed a sea snake
  8269 | Abyss:1  | a glowing shapeshifter changed into a sea snake
  8297 | Abyss:1  | Noticed a starcursed mass
  8315 | Abyss:1  | Killed a starcursed mass
  8316 | Abyss:1  | Reached skill level 3 in Evocations
  8317 | Abyss:1  | Killed a starcursed mass
  8318 | Abyss:1  | Reached skill level 8 in Staves
  8318 | Abyss:1  | Reached skill level 4 in Evocations
  8429 | Abyss:1  | Noticed a worldbinder
  8437 | Abyss:1  | Noticed a vault sentinel
  8444 | Abyss:1  | Noticed a large abomination
  8450 | Abyss:1  | Noticed a sun demon
  8453 | Abyss:1  | XOM: cast spell 'Alistair's Intoxication'
  8457 | Abyss:1  | XOM: blink monster(s)
  8459 | Abyss:1  | XOM: swap monsters
  8461 | Abyss:1  | HP: 7/78 [sun demon (17)]
  8461 | Abyss:1  | Slain by a sun demon

Vanquished Creatures
  2 starcursed masses (Abyss:1)
  Pikel (D:4)
  A kobold demonologist (D:9)
  Psyche (D:8)
  A troll (D:7)
  A wyvern (D:7)
  A yak (D:7)
  Grum (D:8)
  2 steam dragons
  4 water moccasins
  Duvessa (D:5)
  An orc warrior (D:8)
  3 ice beasts
  A black bear (D:4)
  A centaur (D:8)
  A small abomination (Abyss:1)
  4 ogres
  2 phantoms
  2 necrophages
  3 wolves (D:8)
  2 lemures (D:4)
  A bullfrog (D:7)
  A gnoll sergeant (D:7)
  Dowan (D:5)
  2 scorpions
  A jelly (D:7)
  A bullfrog zombie (D:6)
  2 centaur zombies
  An orc priest (D:8)
  2 bullfrog skeletons (D:5)
  4 hounds (D:5)
  2 gnoll shamans
  Jessica (D:3)
  2 iguanas
  An orc wizard (D:7)
  A howler monkey zombie (D:6)
  7 gnolls
  9 adders
  2 white imps
  3 worms
  3 dart slugs
  14 orcs
  4 endoplasms
  3 giant cockroaches
  6 hobgoblins
  19 jackals
  7 kobolds
  A quokka (D:1)
  6 ball pythons
  4 bats
  6 goblins
  8 rats
161 creatures vanquished.

Vanquished Creatures (collateral kills)
  Erica (D:9)
  A bullfrog zombie (D:5)
  A gnoll (D:4)
3 creatures vanquished.

Vanquished Creatures (others)
  A scorpion (D:7)
  An orc priest (D:7)
  A howler monkey zombie (D:7)
  2 orcs (D:7)
  9 plants
14 creatures vanquished.

Grand Total: 178 creatures vanquished

Table legend: (Time is in decaauts)
 A = Elapsed time spent in this place.
 B = Non-inter-level travel time spent in this place.
 C = Inter-level travel time spent in this place.
 D = Time resting spent in this place.
 E = Time spent auto-exploring this place.
 F = Levels seen in this place.
 G = Mean time per level.
                   A        B        C        D        E       F      G
               +--------+--------+--------+--------+--------+-----+--------+
         Total |   8427 |   8078 |    349 |    515 |   6022 |  10 |  842.7 |
       Dungeon |   8193 |   7844 |    349 |    472 |   5941 |   9 |  910.3 |
         Abyss |    234 |    234 |      0 |     43 |     81 |   1 |  234.0 |
               +--------+--------+--------+--------+--------+-----+--------+

Top non-repeatable levels by time:
     D:1: 1501 daAuts
     D:5: 1364 daAuts
     D:7: 1039 daAuts
     D:4: 1027 daAuts
     D:3: 970 daAuts
     D:2: 814 daAuts
     D:6: 690 daAuts
     D:8: 619 daAuts
 Abyss:1: 234 daAuts
     D:9: 164 daAuts

Table legend:
 A = Non-vault XP
 B = Vault XP
 C = Vault XP percentage of total XP
 D = Non-vault monster count
 E = Vault monster count
 F = Vault count percentage of total count
                 A         B        C        D         E       F
            +---------+---------+-------+---------+---------+-------
      Total |    5349 |    3901 |  42.2 |     140 |      23 |  14.1
            +---------+---------+-------+---------+---------+-------
        D:1 |      54 |       0 |   0.0 |      23 |       0 |   0.0
        D:2 |     107 |       0 |   0.0 |      31 |       0 |   0.0
        D:3 |      49 |      37 |  43.0 |      18 |       1 |   5.3
        D:4 |     572 |     617 |  51.9 |      17 |       1 |   5.6
        D:5 |     629 |     218 |  25.7 |      13 |       2 |  13.3
        D:6 |     563 |       0 |   0.0 |      13 |       0 |   0.0
        D:7 |     934 |    1008 |  51.9 |      13 |       9 |  40.9
        D:8 |     493 |    1393 |  73.9 |       8 |       9 |  52.9
        D:9 |     408 |     628 |  60.6 |       1 |       1 |  50.0
    Abyss:1 |    1540 |       0 |   0.0 |       3 |       0 |   0.0
            +---------+---------+-------+---------+---------+-------
